 Dungeon Crawl Stone Soup version 0.31-a0-185-g9dded2c639 (webtiles) character file.

Game seed: 9528215312785183019

26 qw the Shooter (level 2, -4/16 HPs)
             Began as a Deep Elf Hunter on June 22, 2023.
             Killed from afar by an orc wizard (11 damage)
             ... with a puff of flame
             ... on level 2 of the Dungeon.
             The game lasted 00:00:16 (713 turns).

qw the Shooter (Deep Elf Hunter)                     Turns: 713, Time: 00:00:17

Health: -4/16      AC:  6    Str:  8    XL:     2   Next: 89%
Magic:  4/4        EV:  8    Int: 13    God:
Gold:   34         SH:  0    Dex: 18    Spells: 1/1 levels left

rFire   . . .        Y - +0 shortbow
rCold   . . .        (shield currently unavailable)
rNeg    . . .        e - +0 scale mail
rPois   .            (no helmet)
rElec   .            (no cloak)
rCorr   +            (no gloves)
SInv    .            (no boots)
Will    .....        (no amulet)
Stlth   +            d - ring of resist corrosion
HPRegen 0.22/turn    (no ring)
MPRegen 0.09/turn

%: no passive effects
@: no status effects
A: no striking features
a: no special abilities


You were on level 2 of the Dungeon.
You visited 1 branch of the dungeon, and saw 2 of its levels.

You collected 34 gold pieces.


   Skills:
 - Level 1.5 Fighting
 + Level 6.6 Ranged Weapons
 - Level 2.4 Dodging
 - Level 1.2 Stealth


You had one spell level left.
You didn't know any spells.
Your spell library was empty.

Inventory:

Hand Weapons
 Y - a +0 shortbow (weapon)
Armour
 e - a +0 scale mail (worn)
Jewellery
 d - a ring of resist corrosion (left hand)
Scrolls
 a - a scroll of amnesia {unknown}
Potions
 h - a potion of mutation {unknown}

Dungeon Overview and Level Annotations

Branches:
Dungeon (2/15)

Altars:


Message History

You shoot an arrow. The arrow hits the goblin.
The goblin is severely wounded.
You shoot an arrow. The arrow hits the goblin.
You kill the goblin!
You see here a +2 dagger of electrocution.
You see here a +2 dagger of electrocution.
Found an escape hatch in the ceiling.
A rat comes into view.
You shoot an arrow. The arrow hits the rat.
The rat is moderately wounded.
You shoot an arrow. The arrow hits the rat.
You kill the rat!
Found a stone staircase leading down.
There is an escape hatch in the ceiling here.
You open the door.
An orc and an orc wizard come into view.
The orc shouts!
The orc wizard shouts!
You hear a shout!
An orc wizard comes into view. It is wielding a +0 dagger.
You hear a shout!
706 ||| Stepping ~*~*~tactically~*~*~ (outnumbered).
708 ||| Stepping ~*~*~tactically~*~*~ (outnumbered).
You shoot an arrow. The arrow barely misses the orc.
You shoot an arrow.
The arrow hits the orc but does no damage.
The orc wizard casts a spell at you. The magic dart hits you.
The orc hits you but does no damage.
You shoot an arrow. The arrow hits the orc.
The orc is severely wounded.
The orc closely misses you.
The orc wizard hits you with a +0 dagger.
The orc hits you with a +0 club.
You shoot an arrow. The arrow barely misses the orc.
The orc wizard hits you but does no damage.
The orc barely misses you.
You shoot an arrow. The arrow completely misses the orc.
The orc barely misses you. The orc wizard casts a spell at you.
The puff of flame hits you!
Ouch! That really hurt!
You die...

###### ...... ########
#....... #.###### ###
#.# #... #.# .....
##### #.# ###
......#@..#######.#
#..
#...oo......<...####.#
#####....#######.....#
#....#######.####.
#......>..........
#...#############.
##### #. #. #.


You could see an orc wizard and an orc.

Vanquished Creatures
  A dart slug (D:1)
  2 bats (D:1)
  2 endoplasms (D:1)
  A giant cockroach (D:1)
  4 goblins
  2 quokkas (D:1)
  7 ball pythons (D:1)
  A frilled lizard (D:1)
  A kobold (D:1)
  3 rats
24 creatures vanquished.

Notes
Turn   | Place    | Note
-------+----------+-------------------------------------------
     0 | D:1      | qw the Deep Elf Hunter began the quest for the Orb.
     0 | D:1      | Reached XP level 1. HP: 12/12 MP: 3/3
     0 | D:1      | 0 ||| qw: Version: 0.3-a-9-g12657ce
     0 | D:1      | 0 ||| qw: Game counter: 1931
     0 | D:1      | 0 ||| qw: Always use a shield: true
     0 | D:1      | 0 ||| qw: God list: Okawaru
     0 | D:1      | 0 ||| qw: Allow faded altars: false
     0 | D:1      | 0 ||| qw: Do Orc after D:15 true
     0 | D:1      | 0 ||| qw: Do second Lair branch before Depths: true
     0 | D:1      | 0 ||| qw: Lair rune preference: random
     0 | D:1      | 0 ||| qw: Plans: Normal
     0 | D:1      | 0 ||| PLANNING D:1-11
    87 | D:1      | Reached XP level 2. HP: 16/16 MP: 4/4
    90 | D:1      | Reached skill level 6 in Ranged Weapons
   572 | D:1      | 572 ||| UPGRADING to +0 scale mail.
   582 | D:1      | 582 ||| DROPPING +0 leather armour.
   583 | D:1      | 583 ||| UPGRADING to ring of resist corrosion.
   584 | D:1      | 584 ||| READING scroll labelled ACLITEC YSIT.
   589 | D:1      | 589 ||| READING scroll labelled YMAORE ZO VEOTT.
   590 | D:1      | 590 ||| READING scroll labelled KISAIPH UTAGU.
   591 | D:1      | 591 ||| DROPPING scroll of butterflies.
   706 | D:2      | 706 ||| Stepping ~*~*~tactically~*~*~ (outnumbered).
   708 | D:2      | 708 ||| Stepping ~*~*~tactically~*~*~ (outnumbered).
   713 | D:2      | Killed from afar by an orc wizard

Levels and vault maps discovered:
D:1:      ebering_trefoil_twist, layout_basic, serial_curves, eino_curves_02,
          eino_curves_02, eino_curves_01, eino_curves_03
D:2:      layout_basic, minmay_octomino_c4, uniq_sigmund

Skill      XL: |  1  2 |
---------------+-------+-----
Ranged Weapons | 6 |  6.6
Fighting       | |  1.5
Dodging        | |  2.4
Stealth        | |  1.2

Action                     || total
---------------------------++-------
   Fire: Shortbow          ||    50
    Use: Scroll            ||     3
 Armour: Leather armour    ||     4
         Scale mail        ||     2
  Dodge: Dodged            ||     5

Table legend:
 A = Non-vault XP
 B = Vault XP
 C = Vault XP percentage of total XP
 D = Non-vault monster count
 E = Vault monster count
 F = Vault count percentage of total count
                 A         B        C        D         E       F
            +---------+---------+-------+---------+---------+-------
      Total |      38 |       0 |   0.0 |      24 |       0 |   0.0
            +---------+---------+-------+---------+---------+-------
        D:1 |      35 |       0 |   0.0 |      22 |       0 |   0.0
        D:2 |       3 |       0 |   0.0 |       2 |       0 |   0.0
            +---------+---------+-------+---------+---------+-------
